 Dungeon Crawl Stone Soup version 0.31-a0-252-gc4385922b5 (webtiles) character file.

Game seed: 6589359752019131730

911 qw the Skirmisher (level 8, 0/48 HPs)
             Began as a Gargoyle Hexslinger on July 12, 2023.
             Slain by Pikel
             ... wielding a +0 whip of freezing
              (1 damage)
             ... on level 5 of the Dungeon.
             The game lasted 00:01:47 (3051 turns).

qw the Skirmisher (Gargoyle Hexslinger)             Turns: 3051, Time: 00:01:47

Health: 0/48       AC: 12    Str: 13    XL:     8   Next: 8%
Magic:  9/9        EV: 10    Int: 13    God:
Gold:   228        SH:  0    Dex: 14    Spells: 8/9 levels left

rFire   . . .        Y - +3 sling
rCold   . . .        (no shield)
rNeg    + . .        d - +0 ring mail
rPois   inf          j - +2 hat {Will+}
rElec   +            (no cloak)
rCorr   .            (no gloves)
SInv    .            (no boots)
Will    ++...        h - amulet of Suspected Treachery {Faith Slay+2}
Stlth   +            b - ring of willpower
HPRegen 0.28/turn    (no ring)
MPRegen 0.11/turn

%: faith
@: no status effects
A: sickness immunity, AC +5, negative energy resistance 1, electricity
resistance, torment resistance 1, petrification resistance
a: no special abilities


You were on level 5 of the Dungeon.
You visited 1 branch of the dungeon, and saw 5 of its levels.

You collected 228 gold pieces.


Innate Abilities, Weirdness & Mutations

You are immune to sickness and miasma.
Your stone body is resilient. (AC +5)
You are immune to poison.
You resist negative energy. (rN+)
You are resistant to electric shocks. (rElec)
You are resistant to unholy torment.
You are immune to petrification.


   Skills:
 + Level 4.1 Fighting
 - Level 8.2 Ranged Weapons
 - Level 1.3 Armour
 - Level 1.5 Dodging
 - Level 1.0 Spellcasting
 - Level 2.6 Hexes


You had 8 spell levels left.
You knew the following spells:

 Your Spells              Type           Power      Damage    Failure   Level
a - Slow                  Hex            28%        N/A       21%         1

Your spell library contained the following spells:

 Spells                   Type           Power      Damage    Failure   Level
 Inner Flame              Hex/Fire       4%         N/A       71%         3
 Portal Projectile        Hex/Tloc       8%         N/A       71%         3
 Cause Fear               Hex            3%         N/A       89%         4

Inventory:

Hand Weapons
 Y - a +3 sling (weapon)
Armour
 d - a +0 ring mail (worn)
 j - a +2 hat of willpower (worn)
Jewellery
 b - a ring of willpower (left hand)
 h - the amulet of Suspected Treachery (around neck) {Faith Slay+2}
   (You found it on level 2 of the Dungeon)

   [amulet of faith]

   It allows you to gain divine favour quickly.
   Slay:      It affects your accuracy & damage with ranged weapons and melee
   (+2).
 k - a ring of ice
Wands
 l - a wand of digging (6)
Scrolls
 a - a scroll of identify
 g - a scroll of enchant armour
Potions
 c - a potion of haste
 f - a potion of might
 i - a potion of brilliance {unknown}
 m - a potion of curing {unknown}
 n - a potion of invisibility {unknown}

Dungeon Overview and Level Annotations

Branches:
Dungeon (5/15)
 Temple: D:4-7

Altars:
Fedhas
Gozag
Kikubaaqudgha

Annotations:
D:5 2 runed translucent doors, Pikel; qw's ghost, novice GrHs


Message History

You shoot a sling bullet.
The sling bullet closely misses the lemure.
The lemure barely misses you. The lemure hits you.
You shoot a sling bullet.
The sling bullet barely misses the lemure.
The lemure hits you but does no damage. x2; The lemure barely misses you.
The lemure hits you but does no damage.
You shoot a sling bullet. The sling bullet hits the lemure.
The lemure is severely wounded.
The lemure closely misses you. The lemure hits you.
You shoot a sling bullet. The sling bullet hits the lemure.
The lemure is severely wounded.
The lemure hits you but does no damage. The lemure closely misses you.
You shoot a sling bullet.
The sling bullet closely misses the lemure.
The lemure hits you but does no damage. The lemure barely misses you.
You shoot a sling bullet.
The sling bullet closely misses the lemure.
The lemure hits you but does no damage. The lemure misses you.
You shoot a sling bullet.
The sling bullet hits the lemure but does no damage.
The lemure is severely wounded.
The lemure hits you! The lemure hits you but does no damage.
You shoot a sling bullet.
The sling bullet closely misses the lemure.
The lemure barely misses you. The lemure closely misses you.
You shoot a sling bullet. The sling bullet hits the lemure.
The lemure is almost dead.
The lemure hits you but does no damage. x2
You shoot a sling bullet.
The sling bullet closely misses the lemure.
The lemure hits you but does no damage. x2; The lemure hits you.
You shoot a sling bullet.
The sling bullet closely misses the lemure.
Pikel hits you with a +0 whip of freezing!
Pikel freezes you. The lemure hits you.
You shoot a sling bullet. The sling bullet misses the lemure.
Pikel hits you with a +0 whip of freezing.
Pikel freezes you.
You die...

# # ..... #.>.# #...# #
# #...# .# # #...#
###.##### #
#####..)######....?... #
...............#....##
................@Kh.....
#...............5#5.....
#####.#....####..# #.)..
## #.#....# #..# ...
.####.#....# #.... .
$..##.#....# #......
..#.#.#....# ########
~}.~#......##
..W##.......#


You could see Pikel, a black bear and 2 lemures.

Vanquished Creatures
  Grinder (D:3)
  A black bear (D:3)
  2 lemures (D:5)
  A phantom (D:5)
  Blork the orc (D:5)
  A bullfrog (D:5)
  A scorpion (D:5)
  4 hounds
  A jelly (D:4)
  A sleepcap (D:4)
  7 adders
  6 worms
  7 dart slugs
  12 orcs
  5 endoplasms
  6 giant cockroaches
  4 goblins
  7 hobgoblins
  8 kobolds
  6 quokkas
  4 ball pythons
  7 bats
  3 frilled lizards
  6 rats
102 creatures vanquished.

Vanquished Creatures (others)
  An iguana (D:5)
1 creature vanquished.

Grand Total: 103 creatures vanquished

Notes
Turn   | Place    | Note
-------+----------+-------------------------------------------
     0 | D:1      | qw the Gargoyle Hexslinger began the quest for the Orb.
     0 | D:1      | Reached XP level 1. HP: 12/12 MP: 2/2
     0 | D:1      | 0 ||| qw: Version: 0.3-a-52-g30416fa
     0 | D:1      | 0 ||| qw: Game counter: 6624
     0 | D:1      | 0 ||| qw: Melee chars always use a shield: true
     0 | D:1      | 0 ||| qw: God list: Okawaru
     0 | D:1      | 0 ||| qw: Allow faded altars: false
     0 | D:1      | 0 ||| qw: Do Orc after clearing Dungeon:15 true
     0 | D:1      | 0 ||| qw: Do second Lair branch before Depths: true
     0 | D:1      | 0 ||| qw: Lair rune preference: random
     0 | D:1      | 0 ||| qw: Goals: Normal
     0 | D:1      | 0 ||| PLANNING D:1-11
    92 | D:1      | Reached XP level 2. HP: 16/16 MP: 3/3
   145 | D:1      | Reached skill level 3 in Ranged Weapons
   337 | D:1      | Reached XP level 3. HP: 21/21 MP: 4/4
   408 | D:1      | 408 ||| READING 3 scrolls labelled VAWAGO QINUZIXT.
   409 | D:1      | 409 ||| READING scroll labelled RUOHOAGOUB.
   410 | D:1      | 410 ||| READING scroll labelled FIAVAG EJAMUM.
   411 | D:1      | 411 ||| READING scroll labelled KEAN MIBOFIL.
   426 | D:1      | 426 ||| READING 2 scrolls of identify.
   426 | D:1      | 426 ||| IDENTIFYING murky coppery potion
   427 | D:1      | 427 ||| DROPPING scroll of poison.
   428 | D:1      | 428 ||| DROPPING potion of ambrosia.
   719 | D:2      | Identified the amulet of Suspected Treachery {Faith Slay+2}
   813 | D:2      | Reached XP level 4. HP: 26/26 MP: 5/5
   887 | D:2      | Found an opulent altar of Gozag.
  1140 | D:2      | 1140 ||| UPGRADING to +0 ring mail.
  1150 | D:2      | 1150 ||| DROPPING +0 robe.
  1151 | D:2      | 1151 ||| UPGRADING to +1 hat of willpower.
  1156 | D:2      | 1156 ||| UPGRADING to amulet of Suspected Treachery {Faith
                  | Slay+2}.
  1161 | D:2      | 1161 ||| UPGRADING to ring of willpower.
  1162 | D:2      | 1162 ||| READING 3 scrolls labelled VEAVIM DEBOQ.
  1163 | D:2      | 1163 ||| READING 2 scrolls of enchant armour.
  1163 | D:2      | 1163 ||| ENCHANTING +1 hat of willpower.
  1216 | D:3      | Found a blossoming altar of Fedhas.
  1228 | D:3      | Reached skill level 4 in Ranged Weapons
  1308 | D:3      | 1308 ||| READING scroll of enchant weapon.
  1308 | D:3      | 1308 ||| ENCHANTING +2 sling.
  1332 | D:3      | Reached skill level 1 in Armour
  1339 | D:3      | 1339 ||| FLEEEEING.
  1340 | D:3      | 1340 ||| FLEEEEING.
  1343 | D:3      | 1343 ||| STAIRDANCE
  1365 | D:2      | 1365 ||| READING scroll labelled QOBBEX BAHAIK.
  1483 | D:3      | Reached XP level 5. HP: 30/30 MP: 6/6
  1540 | D:3      | Noticed a black bear
  1549 | D:3      | Killed a black bear
  1550 | D:3      | Reached skill level 5 in Ranged Weapons
  1564 | D:3      | 1564 ||| FLEEEEING.
  1565 | D:3      | 1565 ||| FLEEEEING.
  1566 | D:3      | 1566 ||| FLEEEEING.
  1567 | D:3      | 1567 ||| FLEEEEING.
  1568 | D:3      | 1568 ||| FLEEEEING.
  1569 | D:3      | 1569 ||| FLEEEEING.
  1570 | D:3      | 1570 ||| FLEEEEING.
  1571 | D:3      | 1571 ||| FLEEEEING.
  1572 | D:3      | 1572 ||| FLEEEEING.
  1573 | D:3      | 1573 ||| FLEEEEING.
  1574 | D:3      | 1574 ||| FLEEEEING.
  1575 | D:3      | 1575 ||| STAIRDANCE
  1603 | D:2      | 1603 ||| DROPPING ring of magical power.
  1634 | D:3      | Reached XP level 6. HP: 36/36 MP: 7/7
  1763 | D:3      | Reached skill level 3 in Fighting
  1785 | D:3      | Noticed Grinder
  1803 | D:3      | Killed Grinder
  1804 | D:3      | Reached skill level 6 in Ranged Weapons
  1804 | D:3      | Reached XP level 7. HP: 41/41 MP: 8/8
  1811 | D:3      | 1811 ||| READING scroll labelled BOL QAEZXOIZ.
  2451 | D:4      | 2451 ||| DRINKING 2 sapphire potions.
  2452 | D:4      | 2452 ||| READING 3 scrolls of identify.
  2452 | D:4      | 2452 ||| IDENTIFYING fuming ruby potion
  2453 | D:4      | 2453 ||| READING 2 scrolls of identify.
  2453 | D:4      | 2453 ||| IDENTIFYING bubbling coppery potion
  2454 | D:4      | 2454 ||| DROPPING potion of degeneration.
  2482 | D:5      | Entered Level 5 of the Dungeon
  2487 | D:5      | 2487 ||| STAIRDANCE
  2548 | D:5      | Reached skill level 7 in Ranged Weapons
  2681 | D:5      | Found a large runed translucent door.
  2682 | D:5      | Found a large runed translucent door.
  2687 | D:5      | Noticed qw's ghost (novice GrHs)
  2739 | D:5      | 2739 ||| FLEEEEING.
  2811 | D:5      | Reached XP level 8. HP: 46/48 MP: 9/9
  2845 | D:5      | Found an ancient bone altar of Kikubaaqudgha.
  2933 | D:5      | Noticed Blork the orc
  2941 | D:5      | Killed Blork the orc
  2942 | D:5      | Reached skill level 8 in Ranged Weapons
  3036 | D:5      | Noticed Pikel
  3049 | D:5      | HP: 11/48 [lemure[Pikel] (3)]
  3050 | D:5      | HP: 4/48 [Pikel/+0 whip of freezing (7)]
  3050 | D:5      | HP: 1/48 [lemure[Pikel] (1)]
  3051 | D:5      | Slain by Pikel

Levels and vault maps discovered:
D:1:      minmay_arrival_radiant_lines, layout_rooms
D:2:      layout_basic, basic_altar, grunt_ministairs_15,
          minmay_misc_feat_rugged
D:3:      minmay_chambers_of_threes, layout_basic, fedhas_altar_2, uniq_grinder
D:4:      layout_basic, minmay_between
D:5:      layout_loops_cross, nicolae_kikubaaqudgha_miasma_corner,
          ebering_ghost_disaster_area, uniq_pikel, uniq_blork_the_orc

Skill      XL: |  1  2  3  4  5  6  7  8 |
---------------+-------------------------+-----
Ranged Weapons | 3 4 5 6 7 8 |  8.2
Fighting       | 2 3 4 |  4.1
Armour         | 1 |  1.3
Dodging        | |  1.5
Spellcasting   | |  1.0
Hexes          | |  2.6

Action                     |  1- 3 |  4- 6 |  7- 9 || total
---------------------------+-------+-------+-------++-------
   Fire: Sling             |   120 |   119 |   161 ||   400
    Use: Scroll            |     5 |     4 |     3 ||    12
         Potion            |       |       |     1 ||     1
 Armour: Robe              |    16 |       |       ||    16
         Ring mail         |       |    39 |    64 ||   103
  Dodge: Dodged            |    29 |    35 |    56 ||   120

Table legend:
 A = Non-vault XP
 B = Vault XP
 C = Vault XP percentage of total XP
 D = Non-vault monster count
 E = Vault monster count
 F = Vault count percentage of total count
                 A         B        C        D         E       F
            +---------+---------+-------+---------+---------+-------
      Total |     680 |     622 |  47.8 |      79 |      21 |  21.0
            +---------+---------+-------+---------+---------+-------
        D:1 |      34 |       0 |   0.0 |      20 |       0 |   0.0
        D:2 |      49 |       3 |   5.8 |      13 |       2 |  13.3
        D:3 |     156 |     422 |  73.0 |      22 |      13 |  37.1
        D:4 |      82 |     101 |  55.2 |      11 |       5 |  31.2
        D:5 |     359 |      96 |  21.1 |      13 |       1 |   7.1
            +---------+---------+-------+---------+---------+-------
